AoeStats
← Milo Thatch

Arena

510033863Analyzed
1v1 RM · 4d ago on Sep 29, 2026· 43m 6s· 2 players
Game mode
Random Map
Map size
Tiny (2 player)
Population
200
Speed
Normal
Resources
Standard
Victory
Conquest
Starting age
Dark Age
Ending age
Imperial Age
RankedLock teamsTeams togetherTeam positionsShared explorationLock speedFull tech treeHidden civsTurbo modeCheats
Victory
Defeat
🇨🇳 Malay · China
719
+14
🇺🇸 Slavs · United States
686
-22
易安
9:44 Feudal Age
10:43 Town Watch
11:28 Double-Bit Axe
11:57 Horse Collar
19:39 Castle Age
18:03 Gold Mining
18:53 Forging
20:24 Heavy Plow
20:36 Stone Mining
21:56 Stone Shaft Mining
25:16 Town Patrol
26:10 Iron Casting
29:53 Wheelbarrow
31:01 Hand Cart
32:07 Gold Shaft Mining
34:46 Imperial Age
33:48 Ballistics
33:32 Herbal Medicine
34:36 Conscription
35:39 Chemistry
36:19 Elite Karambit Warrior
41:03 Fletching
42:15 Blast Furnace
43:16 Crop Rotation
Milo Thatch
11:58 Feudal Age
12:08 Loom
12:52 Horse Collar
13:00 Double-Bit Axe
18:33 Bloodlines
18:35 Scale Barding Armor
18:23 Fletching
18:33 Padded Archer Armor
22:25 Castle Age
23:46 Crossbowman
24:26 Bodkin Arrow
27:12 Ballistics
28:35 Leather Archer Armor
30:42 Gold Mining
30:42 Stone Mining
31:07 Bow Saw
31:48 Husbandry
31:59 Detinets
35:15 Chain Barding Armor
35:06 Forging
34:56 Scale Mail Armor
43:29 Imperial Age
Connection lost

Rejoining the realm…

Still unreachable

The connection could not be restored.

Session expired

The server has moved on; the page needs a fresh start.